 Dungeon Crawl Stone Soup version 0.31.0-1-g2c135a008e (webtiles) character file.

Game seed: 1718105348508428172

32 qw the Shooter (level 3, -5/29 HPs)
             Began as a Djinni Hunter on Jan 23, 2024.
             Slain by Sigmund
             ... wielding a +1 scythe of holy wrath
              (13 damage)
             ... on level 2 of the Dungeon.
             The game lasted 00:00:03 (1104 turns).

qw the Shooter (Djinni Hunter)                      Turns: 1104, Time: 00:00:03

Health: -5/29      AC:  3    Str: 10    XL:     3   Next: 45%
Gold:   143        EV: 12    Int: 10    God:
                   SH:  0    Dex: 18

rFire   + + .        a - +0 shortbow
rCold   x . .        (shield currently unavailable)
rNeg    . . .        c - +0 leather armour
rPois   inf          (no helmet)
rElec   .            (no cloak)
rCorr   .            (no gloves)
SInv    .            (boots unavailable)
Will    .....        (no amulet)
Stlth   ++           (no ring)
HPRegen 0.24/turn    (no ring)
MPRegen 0.00/turn

%: infuse magic (-6 HP)
@: flying
A: sickness immunity, fire resistance 2, cold vulnerability 1, float, innate
caster, HP casting, extra vitality 1
a: no special abilities


You were on level 2 of the Dungeon.
You visited 1 branch of the dungeon, and saw 2 of its levels.

You collected 143 gold pieces.


Innate Abilities, Weirdness & Mutations

You are immune to sickness and miasma.
You are immune to poison.
Your flesh is very heat resistant. (rF++)
You are vulnerable to cold. (rC-)
You float through the air rather than walking.
You learn spells naturally, not from books.
Your magical power is your life essence.
You have superior vitality. (+4 MHP)


   Skills:
 + Level 2.4 Fighting
 - Level 4.0 Ranged Weapons
 - Level 2.1 Dodging
 - Level 0.7 Stealth


You knew the following spells:

 Your Spells              Type           Power      Damage    Failure   Level
a - Kiss of Death         Conj/Necr      0%         2d5       45%         1
Your spell library was empty.

Inventory:

Hand Weapons
 a - a +0 shortbow (weapon)
Armour
 c - a +0 leather armour (worn)
Jewellery
 b - the ring "Wutuirgh" {Fire Str-5 Dex+5}
   (You found it on level 2 of the Dungeon)

   [ring of fire]

   Fire:      It enhances your fire magic.
   Str-5:     It affects your strength (-5).
   Dex+5:     It affects your dexterity (+5).
   rF+:       It protects you from fire.
   rC-:       It makes you vulnerable to cold.
Potions
 e - a potion of ambrosia {unknown}

Dungeon Overview and Level Annotations

Branches:
Dungeon (2/15)

Altars:

Shops:
D:1 (

Annotations:
D:2 Sigmund


Message History

Sigmund moves out of view.
You shoot an arrow. The arrow hits Sigmund.
Sigmund is lightly wounded.
You shoot an arrow. The arrow closely misses Sigmund.
Sigmund hits you from afar with a +1 scythe of holy wrath.
You shoot an arrow. The arrow hits Sigmund.
Sigmund is moderately wounded.
Sigmund gestures at you while chanting. The magic dart hits you.
You shoot an arrow. The arrow closely misses Sigmund.
Sigmund hits you from afar with a +1 scythe of holy wrath!
You shoot an arrow. The arrow hits Sigmund.
Sigmund is moderately wounded.
Sigmund points at you and mumbles some strange words.
The puff of flame hits you. You resist.
You shoot an arrow.
The arrow hits Sigmund but does no damage.
Sigmund is moderately wounded.
Sigmund casts a spell at you.
You are confused.
1096 ||| DRINKING golden potion.
It was a potion of curing.
You feel better. Sigmund misses you.
You shoot an arrow. The arrow hits Sigmund.
Sigmund is heavily wounded.
Sigmund casts a spell at you.
You are confused.
Sigmund hits you from afar with a +1 scythe of holy wrath.
Sigmund gestures at you while chanting. The magic dart hits you!
Sigmund hits you but does no damage.
You feel less confused.
Sigmund hits you from afar with a +1 scythe of holy wrath.
You shoot an arrow.
The arrow hits Sigmund but does no damage.
Sigmund is heavily wounded.
Sigmund misses you.
You shoot an arrow. The arrow barely misses Sigmund.
Sigmund hits you from afar with a +1 scythe of holy wrath!
You die...
Sigmund begins carving another notch in his scythe.

###.###.#......#
###........##.####
......#%#######.#
#.......# #.# ####..###
##'## .... ##...##
#.#.## ##.....## # #..##
##.......##
###.#.@.####.........##
............'....%....'.
###..@>...###.........##
#..##.#.# ##.......##
#.. ###.# ##.....## #.
#.# ##...## # #.# ##+##
#.# #.#


You could see Sigmund.

Vanquished Creatures
  An adder (D:2)
  A ribbon worm (D:2)
  2 ball pythons (D:2)
  3 endoplasms
  2 goblins
  4 hobgoblins (D:2)
  2 frilled lizards (D:1)
  3 kobolds
  2 rats
20 creatures vanquished.

Notes
Turn   | Place    | Note
-------+----------+-------------------------------------------
     0 | D:1      | qw the Djinni Hunter began the quest for the Orb.
     0 | D:1      | Reached XP level 1. HP: 18/18 MP: 0/0
     0 | D:1      | 0 ||| qw: Version: 0.3-a-132-g3d54051
     0 | D:1      | 0 ||| qw: Game counter: 641
     0 | D:1      | 0 ||| qw: Melee chars always use a shield: true
     0 | D:1      | 0 ||| qw: God list: Okawaru
     0 | D:1      | 0 ||| qw: Allow faded altars: false
     0 | D:1      | 0 ||| qw: Do Orc after clearing Dungeon:15 true
     0 | D:1      | 0 ||| qw: Do second Lair branch before Depths: true
     0 | D:1      | 0 ||| qw: Lair rune preference: random
     0 | D:1      | 0 ||| qw: Goals: Normal
     0 | D:1      | 0 ||| PLANNING D:1-11
   195 | D:1      | Reached XP level 2. HP: 23/23 MP: 0/0
   370 | D:1      | Found Isoun's Weapon Shop.
   662 | D:1      | 662 ||| READING scroll labelled KUCSUHUOGAPT.
   665 | D:1      | 665 ||| READING 3 scrolls labelled TESYILAFRO.
   665 | D:1      | 665 ||| IDENTIFYING bubbling white potion
   666 | D:1      | 666 ||| READING 2 scrolls of identify.
   666 | D:1      | 666 ||| IDENTIFYING dark potion
   667 | D:1      | 667 ||| READING scroll of identify.
   667 | D:1      | 667 ||| IDENTIFYING 2 smoky inky potions
   668 | D:1      | 668 ||| READING scroll labelled GIESIA UBURIAT.
   668 | D:1      | 668 ||| ENCHANTING +0 shortbow.
   669 | D:1      | 669 ||| DROPPING scroll of butterflies.
   670 | D:1      | 670 ||| DROPPING potion of invisibility.
   671 | D:1      | 671 ||| DROPPING 2 potions of degeneration.
   672 | D:1      | 672 ||| DROPPING potion of brilliance.
   728 | D:2      | Reached XP level 3. HP: 28/28 MP: 0/0
   728 | D:2      | Learned a level 1 spell: Kiss of Death
   733 | D:2      | Reached skill level 4 in Ranged Weapons
   737 | D:2      | Identified the ring "Wutuirgh" {Fire Str-5 Dex+5}
  1029 | D:2      | 1029 ||| FLEEEEING.
  1088 | D:2      | Noticed Sigmund
  1096 | D:2      | 1096 ||| DRINKING golden potion.
  1104 | D:2      | Slain by Sigmund

Levels and vault maps discovered:
D:1:      nzn_arrival_water_spiral, layout_basic, serial_shops,
          nicolae_shop_crystal
D:2:      minmay_recursive_quarters, layout_loops_corners,
          chequers_serial_rivers_micro_d, uniq_sigmund

Skill      XL: |  1  2  3 |
---------------+----------+-----
Ranged Weapons | 4 |  4.0
Fighting       | |  2.4
Dodging        | |  2.1
Stealth        | |  0.7

Action                     || total
---------------------------++-------
   Fire: Shortbow          ||    57
    Use: Scroll            ||     5
         Potion            ||     1
 Armour: Leather armour    ||    18
  Dodge: Dodged            ||     4

Table legend:
 A = Non-vault XP
 B = Vault XP
 C = Vault XP percentage of total XP
 D = Non-vault monster count
 E = Vault monster count
 F = Vault count percentage of total count
                 A         B        C        D         E       F
            +---------+---------+-------+---------+---------+-------
      Total |      45 |       2 |   4.3 |      19 |       1 |   5.0
            +---------+---------+-------+---------+---------+-------
        D:1 |      12 |       0 |   0.0 |       8 |       0 |   0.0
        D:2 |      33 |       2 |   5.7 |      11 |       1 |   8.3
            +---------+---------+-------+---------+---------+-------
